Map: Winter Madness LE

Players

TheArchitect

  • Race: Protoss Protoss
  • League: Diamond
  • Spawn Location: 5:00

HoldTheDoor - Winner!

  • Race: Protoss Protoss
  • League: Diamond
  • Spawn Location: 11:00

VOD

Have the link to the VOD?

Description

Time

  • Played on: May 17, 2026, 11:44 a.m.
  • Length: 11:43
Show
View Real Time Build Order
Export as new Build Order

TheArchitect Protoss 

Build Orders:  

Get SALT Encoding   

  12  0:00  Probe  
  13  0:12  Probe  
  14  0:17  Pylon  
  14  0:23  Probe  
  15  0:31  Probe  
  16  0:39  Probe  
  16  0:40  Forge  
  17  0:51  Probe  
  18  0:57  Pylon  
  18  1:01  Probe  
  18  1:02  Pylon  
  18  1:09  Probe  
  20  1:22  Photon Cannon  
  20  1:29  Photon Cannon  
  20  1:33  Probe  
  21  1:40  Gateway  
  21  1:45  Probe  
  22  2:09  Pylon  
  22  2:37  Photon Cannon  
  22  2:44  Pylon  
  22  2:56  Gateway  
  22  2:57  Probe  
  22  3:05  Probe  
  23  3:06  Cybernetics Core  
  23  3:09  Assimilator  
  24  3:15  Assimilator  
  24  3:16  Nexus  
  24  3:27  Pylon  
  24  3:28  Pylon  
  24  3:31  Pylon x2  
  24  3:35  Probe  
  24  3:48  Gateway  
  26  3:49  Adept  
  26  3:50  Gateway  
  26  3:54  Gateway  
  26  3:57  Probe  
  26  3:59  Pylon  
  27  4:04  Pylon  
  27  4:09  Probe  
  28  4:11  Adept  
  28  4:16  Warp Gate  
  28  4:20  Gateway  
  28  4:22  Gateway  
  30  4:37  Robotics Facility  
  28  5:30  Stargate  
  28  5:45  Probe x2  
  30  5:57  Probe x2  
  32  6:08  Stargate  
  32  6:09  Stargate  
  32  6:16  Void Ray  
  34  6:27  Probe x2  
  34  6:31  Assimilator  
  36  6:34  Assimilator  
  36  6:35  Zealot x4  
  36  6:36  Zealot x2, Pylon  
  36  6:39  Probe x2  
  50  6:44  Twilight Council  
  50  6:47  Pylon  
  50  7:04  Zealot x4  
  54  7:14  Void Ray  
  53  7:17  Void Ray  
  53  7:20  Nexus  
  53  7:34  Sentry  
  41  8:11  Sentry  
  43  8:27  Void Ray  
  43  8:39  Sentry  
  45  9:12  Photon Cannon  
  45  9:31  Sentry  
  24  10:14  Pylon  
  24  10:18  Pylon  
  16  10:33  Stargate  
  16  10:36  Stargate  
  16  10:38  Gateway  
  16  10:40  Gateway  
  15  10:42  Gateway  
  15  10:46  Assimilator  
  15  10:49  Assimilator  
  15  11:01  Pylon  
  14  11:25  Forge  
  14  11:34  Zealot  
  14  11:35  Zealot  
Show
View Real Time Build Order
Export as new Build Order

HoldTheDoor Protoss - Winner!

Build Orders:  

Get SALT Encoding   

  12  0:00  Probe  
  13  0:12  Probe  
  14  0:20  Pylon  
  14  0:24  Probe  
  15  0:35  Probe  
  15  0:40  Gateway  
  16  0:44  Probe  
  16  0:45  Assimilator  
  17  0:53  Probe  
  18  0:58  Assimilator  
  18  1:24  Forge  
  18  1:27  Zealot  
  20  1:45  Pylon  
  20  2:00  Photon Cannon  
  20  2:08  Cybernetics Core  
  20  2:17  Pylon  
  20  2:20  Photon Cannon  
  18  2:26  Gateway  
  18  2:31  Pylon  
  18  2:32  Pylon  
  17  3:02  Photon Cannon  
  17  3:32  Warp Gate  
  17  3:41  Stalker  
  19  3:51  Probe  
  20  4:03  Probe  
  20  4:06  Pylon  
  21  4:11  Probe  
  22  4:21  Probe  
  23  4:29  Robotics Facility  
  23  4:30  Gateway  
  23  4:33  Probe, Stalker  
  23  4:34  Pylon  
  26  4:39  Pylon  
  26  4:45  Probe  
  27  4:57  Probe  
  28  5:04  Gateway  
  28  5:13  Immortal  
  26  5:16  Probe  
  29  5:28  Probe  
  30  5:38  Shield Battery  
  30  5:40  Probe  
  31  5:42  Stalker  
  33  5:52  Probe  
  34  6:01  Stalker x2  
  38  6:11  Immortal  
  38  6:16  Stalker  
  44  6:35  Pylon  
  44  6:36  Pylon  
  44  6:42  Sentry  
  44  6:44  Sentry  
  48  6:48  Stalker  
  50  7:05  Pylon  
  50  7:07  Shield Battery  
  50  7:26  Stalker x3  
  56  7:42  Immortal  
  60  7:51  Stalker  
  60  7:54  Sentry  
  64  8:07  Adept  
  66  8:19  Stalker x2  
  70  8:28  Adept  
  72  8:36  Photon Cannon  
  72  8:44  Adept  
  72  8:47  Sentry  
  76  8:55  Pylon  
  76  9:45  Stalker x3  
  73  10:26  Stalker x3  
  79  10:46  Immortal  
  83  11:10  Stalker  
  83  11:11  Stalker x2  
Tags
 
Matchup
PvP
Replay Pack
SC2Mai2026
Spawn Locations
Cross Positions
Add a new tag
Caveats
  • Supply blocks, unpowered buildings, or Contaminate may cause inaccurate times.
  • Supply counts are checked every 10 seconds.